 Dungeon Crawl Stone Soup version 0.19.0-19-g8c6edcc (console) character file.

102 CALLOUS the Ducker (level 4, 0/31 HPs)
             Began as a Merfolk Earth Elementalist on Nov 13, 2016.
             Slain by a jackal (2 damage)
             ... on level 3 of the Dungeon.
             The game lasted 00:56:56 (4092 turns).

CALLOUS the Ducker (Merfolk Earth Elementalist)     Turns: 4092, Time: 00:56:56

Health: 0/31       AC:  2    Str:  8    XL:     4   Next: 77%
Magic:  5/7        EV: 15    Int: 15    God:
Gold:   132        SH:  0    Dex: 14    Spells: 2 memorised, 2 levels left

rFire  . . .     SeeInvis .     (no weapon)
rCold  . . .     Gourm    .     c - +0 robe
rNeg   . . .     Faith    .     (no shield)
rPois  .         Spirit   .     (no helmet)
rElec  .         Reflect  .     (no cloak)
rCorr  .         Harm     .     (no gloves)
MR     .....                    (no boots)
Stlth  ++........               (no amulet)
                                (no ring)
                                (no ring)

@: very slightly contaminated
A: change form in water, swift swim, stealthy swim
a: no special abilities


You were on level 3 of the Dungeon.
You were not hungry.

You visited 1 branch of the dungeon, and saw 3 of its levels.

You collected 132 gold pieces.

Inventory:

Hand Weapons
 t - a +0 spear
Missiles
 b - 110 stones (quivered)
 y - 42 bolts
Armour
 c - a +0 robe (worn)
Jewellery
 p - a +4 ring of slaying {unknown}
 q - a +2 ring of evasion {unknown}
Scrolls
 g - 4 scrolls of identify {unknown}
 h - a scroll of teleportation {unknown}
 l - 2 scrolls of remove curse {unknown}
 s - a scroll of magic mapping {unknown}
 u - a scroll of fog {unknown}
Potions
 f - 2 potions of haste {unknown}
 j - a potion of resistance {unknown}
 o - a potion of might {unknown}
 v - a potion of heal wounds {unknown}
 x - a potion of degeneration {unknown}
 z - a potion of agility {unknown}
Books
 e - a book of Geomancy

   Spells                             Type                      Level
   a - Sandblast                      Earth                        1
   b - Passwall                       Transmutation/Earth          2
   c - Stone Arrow                    Conjuration/Earth            3
   d - Petrify                        Transmutation/Earth          4
   e - Lee's Rapid Deconstruction     Earth                        5
Comestibles
 d - 3 bread rations
 n - 2 fruits
 r - a meat ration


   Skills:
 + Level 0.9 Fighting
 * Level 0.8 Polearms
 * Level 5.5 Dodging
 + Level 2.9 Stealth
 - Level 2.0 Spellcasting
 * Level 1.5 Transmutations
 - Level 2.4 Earth Magic


You had 2 spell levels left.
You knew the following spells:

 Your Spells              Type           Power        Failure   Level  Hunger
a - Sandblast             Erth           #.....       12%         1    #......
b - Petrify               Tmut/Erth      #.......     93%         4    #####..


Dungeon Overview and Level Annotations

Branches:
Dungeon (3/15)

Altars:

Annotations:
D:1 1 exclusion
D:2 Sigmund
D:3 exclusion: adder


Message History

Casting: Sandblast
Confirm with . or Enter, or press ? or * to list all spells.
Aiming: Sandblast
Press: ? - help, Shift-Dir - straight line, f - jackal
Aim: a jackal (heavily wounded)
You miscast Sandblast.
You are very lightly contaminated with residual magic.
The floor vibrates.
The jackal bites you.
* * * LOW HITPOINT WARNING * * *
The jackal bites you.
* * * LOW HITPOINT WARNING * * *
Casting: Sandblast
Confirm with . or Enter, or press ? or * to list all spells.
Aiming: Sandblast
Press: ? - help, Shift-Dir - straight line, f/p - jackal
Aim: a jackal (heavily wounded)
The blast of sand hits the jackal.
The jackal is heavily wounded.
The jackal bites you.
You die...

##### ####...######
#....#.#....#
#########.#....#@##.#
...h.........#.#h##.#
#########h#.#..#..#.###
#.#...###.#...#
#.#.#.#h..#.#.#
#.#####.#####.#
#######.h..h..#.....#
+.........#####.#####
#########..####.#######
....................
######.####.#####.#


You could see a jackal.

Vanquished Creatures
  A hound skeleton (D:1)
  2 adders
  2 oozes
  A worm (D:2)
  3 dart slugs
  A leopard gecko (D:1)
  4 giant cockroaches (D:1)
  3 goblins
  4 hobgoblins
  4 jackals
  7 kobolds
  2 ball pythons (D:1)
  9 bats
  5 frilled lizards
  7 rats
55 creatures vanquished.

Notes
Turn   | Place    | Note
-------+----------+-------------------------------------------
     0 | D:1      | CALLOUS the Merfolk Earth Elementalist began the quest for the Orb.
     0 | D:1      | Reached XP level 1. HP: 13/13 MP: 3/3
    61 | D:1      | Reached skill level 3 in Dodging
   550 | D:1      | Reached XP level 2. HP: 19/19 MP: 3/5
  1116 | D:1      | Reached skill level 4 in Dodging
  1138 | D:1      | Reached XP level 3. HP: 15/24 MP: 0/6
  1965 | D:1      | Reached skill level 5 in Dodging
  2192 | D:2      | Reached XP level 4. HP: 29/31 MP: 7/7
  2451 | D:2      | Learned a level 4 spell: Petrify
  3129 | D:2      | Noticed Sigmund
  4091 | D:3      | HP: 1/31 [jackal (2)]
  4092 | D:3      | Slain by a jackal

Skill      XL: |  1  2  3 |
---------------+----------+-----
Dodging        | 3 4 5 |  5.5
Fighting       | |  0.9
Polearms       | |  0.8
Stealth        | |  2.9
Spellcasting   | |  2.0
Transmutations | |  1.5
Earth Magic    | |  2.4

Action                   |  1- 3 |  4- 6 || total
-------------------------+-------+-------++-------
Melee: Unarmed           |   137 |   194 ||   331
 Cast: Sandblast         |    53 |    21 ||    74
 Stab: Sleeping          |     1 |     2 ||     3
  Eat: Chunk             |     5 |     7 ||    12
Armor: Robe              |    39 |    33 ||    72
Dodge: Dodged            |   136 |   160 ||   296
